 Dungeon Crawl Stone Soup version 0.16.1-11-g651b585 (webtiles) character file.

4158 Shoikan the Basher (level 10, -10/88 HPs)
             Began as a Minotaur Berserker on Mar 30, 2015.
             Was a High Priest of Trog.
             Killed from afar by Fanu's ghost (13 damage)
             ... with a spray of energy
             ... on level 9 of the Dungeon.
             The game lasted 00:59:48 (9524 turns).

Shoikan the Basher (Minotaur Berserker)             Turns: 9524, Time: 00:59:48

Health: -10/88     AC:  8    Str: 21    XL:     10   Next: 7%
Magic:  4/4        EV: 14    Int:  7    God:    Trog [*****.]
Gold:   455        SH:  5    Dex: 11    Spells: 0 memorised, 9 levels left

rFire  + + .     SeeInvis .     E - +1 whip (freeze)
rCold  + . .     Clarity  .     C - +3 salamander hide armour {+Rage rF++}
rNeg   . . .     SustAb   .     e - +0 buckler
rPois  .         Gourm    .     (helmet restricted)
rElec  .         Spirit   .     (no cloak)
rCorr  .         Warding  .     m - +0 pair of gloves
rMut   .         Stasis   .     (no boots)
MR     .....                    (no amulet)
Stlth  +.........               o - +2 ring of evasion
                                I - ring of protection from cold

@: drained, not resistant to hostile enchantments, very unstealthy
A: retaliatory headbutt, horns 2
a: Burn Spellbooks, Berserk, Trog's Hand, Brothers in Arms, Renounce Religion,
Evoke Berserk Rage


You were on level 9 of the Dungeon.
You worshipped Trog.
Trog was extremely pleased with you.
You were very hungry.

You visited 2 branches of the dungeon, and saw 10 of its levels.
You also visited: Sewer.

You collected 455 gold pieces.

Inventory:

Hand weapons
 a - a +0 mace
 p - a cursed -3 falchion
 E - a +1 whip of freezing (weapon)
 K - a +0 hand axe of electrocution
 U - a +3 shortbow
 W - a +1 long sword of holy wrath
Missiles
 S - 7 curare-tipped needles
Armour
 e - a +0 buckler (worn)
 m - a +0 pair of gloves (worn)
 C - the +3 salamander hide armour (worn) {+Rage rF++}
   (You found it on level 4 of the Dungeon)

   It greatly protects you from fire.
   It lets you go berserk.
 L - a +1 robe of magic resistance
Jewellery
 o - a +2 ring of evasion (right hand)
 B - an uncursed ring of invisibility
 I - a ring of protection from cold (left hand)
Magical devices
 l - a wand of paralysis (17)
 v - a wand of confusion (30)
 w - a wand of cold (6)
 x - a wand of draining (7)
 A - a wand of slowing (8)
 D - a wand of lightning (1)
 G - a wand of random effects (28)
 O - a wand of draining (5)
 Q - a wand of enslavement (8)
 R - a wand of frost (20)
 T - a wand of frost (9)
 Z - a wand of paralysis (2)
Scrolls
 d - 7 scrolls of remove curse
 i - a scroll of magic mapping
 j - 7 scrolls of teleportation
 k - 2 scrolls of recharging
 s - 2 scrolls of blinking
 t - a scroll of fog {unknown}
 y - a scroll of amnesia {unknown}
 F - 2 scrolls of immolation {unknown}
 J - a scroll of torment
 M - a scroll of vulnerability {unknown}
 V - a scroll of enchant armour {unknown}
Potions
 b - 2 potions of heal wounds {unknown}
 f - 2 potions of poison {unknown}
 h - 4 potions of restore abilities {unknown}
 n - a potion of magic {unknown}
 q - a potion of berserk rage {unknown}
 r - 7 potions of curing
 u - 2 potions of brilliance
 z - 3 potions of haste
 H - 2 potions of agility
 N - 3 potions of might
 X - a potion of cancellation {unknown}
Comestibles
 c - 5 bread rations
 g - 2 meat rations
 P - a beef jerky
 Y - 8 slices of pizza


   Skills:
 + Level 8.2(7.7) Fighting
 - Level 12.2(11.7) Maces & Flails
 + Level 7.7(7.2) Armour
 - Level 2.1(1.8) Dodging
 + Level 7.2(6.7) Shields


You had 9 spell levels left.
You didn't know any spells.

Dungeon Overview and Level Annotations

Branches:
Dungeon (9/15)             Temple (1/1) D:6
   Lair: D:8-11         Orc: D:9-12

Altars:
Ashenzari
Cheibriados
Dithmenos
Elyvilon
Fedhas
Gozag
Kikubaaqudgha
Makhleb
Nemelex Xobeh
Okawaru
Qazlal
Ru
Sif Muna
Trog
Vehumet
Xom
Yredelemnul
Zin
The Shining One

Annotations:
D:9 Fanu's ghost, experienced DECj


Innate Abilities, Weirdness & Mutations

You reflexively headbutt those who attack you in melee.
You have a pair of horns on your head.


Message History

Fanu's ghost turns its malevolent gaze towards you.
You whack the active ballistomycete! You freeze the active ballistomycete.
You headbutt the active ballistomycete.
The active ballistomycete is severely damaged.
You hit the active ballistomycete. You freeze the active ballistomycete.
The active ballistomycete is almost destroyed.
You whack the active ballistomycete! You freeze the active ballistomycete.
You destroy the active ballistomycete!
Fanu's ghost casts a spell next to you.
Fanu's ghost conjures a prism of explosive energy!
A fulminant prism comes into view.
The fulminant prism crackles loudly.
The fulminant prism explodes!
The blast of energy engulfs you!
* * * LOW HITPOINT WARNING * * *
You hear a shout! x2
Unknown command.
Fanu's ghost casts a spell at you. The spray of energy hits you!
You die...

#.. #.#.# .#..#.#### #.#.##. ##
....>...##.............
.##........... ....... .#
...........#.###.#... ..
#.#........... ..... .#
#.........##.# #.#.# .#
#........##.###@#.####.##..###
#............W...........)....
###...)............####.##..##.
....#)######.#####.### .....
###.).)..............# ###..#
#.#.##########.#.#.# #..#
###...##########.....#####..#
.........................#..#
.........#..................##.#


You could see Fanu's ghost.

Vanquished Creatures
  Pikel (D:5)
  A hippogriff (D:7)
  A slave (D:4)
  3 orc warriors
  The ghost of ZiggyStardust the Ruffian, an average TrTm (D:3)
  2 ice beasts
  A phantom (D:8)
  3 ogres
  4 necrophages (D:6)
  6 centaurs
  A big kobold (Sewer)
  2 giant frogs
  A water moccasin zombie (D:8)
  A wyvern skeleton (D:9)
  4 scorpions
  4 wights (D:9)
  6 killer bees (D:8)
  A jelly (D:8)
  A goliath beetle (D:6)
  3 orc priests
  A quasit (D:8)
  2 crimson imps
  A giant frog zombie (D:8)
  4 hounds
  4 orc wizards
  6 worker ants
  2 iguanas
  A hound zombie (D:6)
  A gnoll (D:4)
  A river rat (Sewer)
  2 worker ant zombies (D:6)
  9 adders
  3 giant mites
  2 shadow imps
  4 worms
  An adder zombie (D:6)
  An adder skeleton (D:5)
  5 giant geckos
  An ooze (D:5)
  25 orcs
  A bat zombie (D:7)
  5 giant cockroaches
  7 goblins
  14 hobgoblins
  8 jackals
  A quokka (D:5)
  4 ball pythons
  12 bats
  A giant gecko skeleton (D:5)
  12 giant newts
  A jackal skeleton (D:6)
  16 kobolds
  A quokka zombie (D:6)
  16 rats
  A ballistomycete (D:9)
223 creatures vanquished.

Vanquished Creatures (others)
  A fulminant prism (D:9)
  A jelly (D:5)
  A giant cockroach (D:5)
  A giant spore (D:9)
  A bush (D:6)
  A plant (D:6)
6 creatures vanquished.

Grand Total: 229 creatures vanquished

Notes
Turn   | Place    | Note
--------------------------------------------------------------
     0 | D:1      | Shoikan, the Minotaur Berserker, began the quest for the Orb.
     0 | D:1      | Reached XP level 1. HP: 19/19 MP: 1/1
   134 | D:1      | Reached skill level 4 in Maces & Flails
   146 | D:1      | Reached XP level 2. HP: 6/26 MP: 1/1
   730 | D:1      | Acquired Trog's second power
   962 | D:1      | Reached skill level 5 in Maces & Flails
  1241 | D:1      | Reached XP level 3. HP: 9/31 MP: 2/2
  1674 | D:2      | Found a stormy altar of Qazlal.
  1748 | D:2      | Reached XP level 4. HP: 36/39 MP: 2/2
  1914 | D:2      | Reached skill level 6 in Maces & Flails
  1949 | D:2      | Found an iron altar of Okawaru.
  2193 | D:3      | Found a glowing drain.
  2210 | Sewer    | Entered a sewer
  2253 | Sewer    | Noticed a big kobold
  2276 | Sewer    | Killed a big kobold
  2276 | Sewer    | Reached skill level 7 in Maces & Flails
  2276 | Sewer    | Reached XP level 5. HP: 36/45 MP: 2/2
  2325 | Sewer    | Found a white marble altar of Elyvilon.
  2420 | D:3      | Noticed ZiggyStardust's ghost (average TrTm)
  2431 | D:3      | Killed ZiggyStardust's ghost
  2431 | D:3      | Reached skill level 8 in Maces & Flails
  2431 | D:3      | Reached XP level 6. HP: 18/51 MP: 3/3
  2858 | D:3      | Found a basalt altar of Yredelemnul.
  3118 | D:4      | Reached skill level 9 in Maces & Flails
  3455 | D:4      | Found a snail-covered altar of Cheibriados.
  3548 | D:4      | Acquired Trog's third power
  3565 | D:4      | Found an ancient bone altar of Kikubaaqudgha.
  3574 | D:4      | Reached XP level 7. HP: 41/57 MP: 3/3
  3584 | D:4      | Found a radiant altar of Vehumet.
  3587 | D:4      | Found a glowing golden altar of the Shining One.
  3606 | D:4      | Found a bloodstained altar of Trog.
  3784 | D:4      | Reached skill level 10 in Maces & Flails
  3981 | D:5      | Entered Level 5 of the Dungeon
  3981 | D:5      | Noticed Pikel
  4208 | D:5      | HP: 2/85 [Pikel/wand of lightning (25)]
  4211 | D:5      | Killed Pikel
  4211 | D:5      | Reached skill level 11 in Maces & Flails
  4211 | D:5      | Reached XP level 8. HP: 4/64 MP: 3/3
  4583 | D:5      | Reached skill level 12 in Maces & Flails
  4784 | D:5      | Found a shadowy altar of Dithmenos.
  4785 | D:5      | Found a deep blue altar of Sif Muna.
  4956 | D:5      | Reached skill level 1 in Shields
  6334 | D:6      | Found a blossoming altar of Fedhas.
  6363 | D:6      | Found a staircase to the Ecumenical Temple.
  6377 | Temple   | Entered the Ecumenical Temple
  6527 | D:6      | Reached skill level 5 in Fighting
  7183 | D:6      | Reached XP level 9. HP: 70/74 MP: 4/4
  7187 | D:6      | Reached skill level 5 in Armour
  7559 | D:7      | Found a shimmering altar of Xom.
  7726 | D:7      | Reached skill level 5 in Shields
  8856 | D:8      | Received a gift from Trog
  9214 | D:9      | Reached XP level 10. HP: 88/88 MP: 4/4
  9404 | D:9      | Found an iron altar of Okawaru.
  9517 | D:9      | Noticed Fanu's ghost (experienced DECj)
  9523 | D:9      | HP: 3/88 [fulminant prism[Fanu's ghost] (32)]
  9524 | D:9      | Killed from afar by Fanu's ghost

Action                   |  1- 3 |  4- 6 |  7- 9 | 10-12 || total
-------------------------+-------+-------+-------+-------++-------
Melee: Mace              |    86 |   142 |    29 |       ||   257
       Whip              |       |       |   506 |    42 ||   548
Invok: Berserk           |       |       |     1 |       ||     1
       Trog's Hand       |       |       |     1 |       ||     1
       Burn Spellbooks   |       |       |     4 |     1 ||     5
  Use: Scroll            |       |       |    10 |       ||    10
 Stab: Distracted        |     1 |       |       |       ||     1
  Eat: Chunk             |     2 |     6 |    15 |       ||    23
       Bread ration      |       |       |     1 |       ||     1
